 Dungeon Crawl Stone Soup version 0.27.1-16-g815e20cd7a (webtiles) character file.

Game seed: 8765970607042284361

80 Descartes the Sneak (level 4, -9/24 HPs)
             Began as a Spriggan Wanderer on Nov 21, 2021.
             Killed by divine providence
             ... invoked by an orc priest
              (13 damage)
             ... on level 3 of the Dungeon.
             The game lasted 00:08:08 (3384 turns).

Descartes the Sneak (Spriggan Wanderer)             Turns: 3384, Time: 00:08:09

Health: -9/24      AC:  2    Str:  9    XL:     4   Next: 18%
Magic:  5/5        EV: 17    Int: 13    God:
Gold:   102        SH:  5    Dex: 14    Spells: 2/3 levels left

rFire    . . .     SeeInvis +   a - +2 dagger
rCold    . . .     Faith    .   (shield restricted)
rNeg     . . .     Spirit   .   e - +0 robe
rPois    +         Reflect  +   (helmet restricted)
rElec    .         Harm     .   (no cloak)
rCorr    .         Rampage  .   (gloves unavailable)
Will     .....                  (boots unavailable)
Stlth    ++........             q - amulet of reflection
HPRegen  0.08/turn              m - ring of poison resistance
MPRegen  0.09/turn              (no ring)

@: very quick
A: very small, no large weapons, unfitting armour, see invisible, speed 3
a: no special abilities


You were on level 3 of the Dungeon.
You visited 1 branch of the dungeon, and saw 3 of its levels.

You collected 102 gold pieces.

Inventory:

Hand Weapons
 a - a +2 dagger (weapon)
 n - a +0 hunting sling
Missiles
 b - a curare-tipped dart (quivered)
 c - 25 stones
 p - 26 arrows
Armour
 e - a +0 robe (worn)
Jewellery
 m - a ring of poison resistance (left hand)
 q - an amulet of reflection (around neck)
Scrolls
 f - a scroll of magic mapping {unknown}
 i - 3 scrolls of identify {unknown}
 j - a scroll of immolation {unknown}
 l - a scroll of enchant weapon {unknown}
 o - a scroll of noise {unknown}
Potions
 g - a potion of heal wounds {unknown}
 h - a potion of curing {unknown}
 k - 2 potions of attraction {unknown}


   Skills:
 - Level 3.2 Fighting
 + Level 3.2 Short Blades
 - Level 1.0 Throwing
 - Level 1.0 Armour
 + Level 3.1 Dodging
 + Level 3.3 Stealth
 + Level 2.0 Evocations


You had 2 spell levels left.
You knew the following spells:

 Your Spells              Type           Power      Damage    Failure   Level
a - Beastly Appendage     Tmut           0%         N/A       30%         1

Your spell library contained the following spells:

 Spells                   Type           Power      Damage    Failure   Level
 Wereblood                Tmut           0%         N/A       43%         2
 Spider Form              Tmut/Pois      0%         N/A       67%         3


Dungeon Overview and Level Annotations

Branches:
Dungeon (3/15)

Altars:
Makhleb


Innate Abilities, Weirdness & Mutations

You are very small and have problems with some larger weapons.
You are too small for most types of armour.
You have supernaturally acute eyesight. (SInv)
You cover ground extremely quickly. (Speed+++)


Message History

The orc priest looks satisfied for a moment.
You block the orc's attack.
You hit the orc priest.
The orc priest is moderately wounded.
You block the orc priest's attack. The orc closely misses you.
You barely miss the orc priest.
The orc priest is moderately wounded.
The orc priest mumbles some strange prayers to Beogh against you.
Beogh smites you!
Ouch! That really hurt!
The orc barely misses you.
You are too injured to fight recklessly!
You are too injured to fight recklessly!
You are too injured to fight recklessly!
You hit the orc priest.
The orc priest is heavily wounded.
The orc priest misses you.
You hit the orc priest.
The orc priest is heavily wounded.
The orc wizard mumbles some strange words.
The orc wizard flickers and vanishes for a moment.
You hit the orc priest but do no damage.
The orc priest is heavily wounded.
The orc priest hits you with a +0 dagger.
You hit the orc priest.
The orc priest is severely wounded.
The orc priest barely misses you.
You hit the orc priest.
The orc priest is almost dead.
The orc priest completely misses you. The orc hits you with a +0 hand axe.
The orc hits you with a +0 club.
* * * LOW HITPOINT WARNING * * *
You hit the orc priest but do no damage.
The orc priest is almost dead.
The orc wizard hits you with a +0 dagger.
* * * LOW HITPOINT WARNING * * *
The orc priest invokes the aid of Beogh against you.
Beogh smites you!
Ouch! That really hurt!
You die...

.### #.##..
.....##.##.###.
..#...#.##....
........##..#
........##..###..
...............
......oo.#..####
......o@.......#####.#
##.....o....##.<.....#
...........###########
############


You could see an orc priest, an orc wizard (invisible) and 2 orcs.

Vanquished Creatures
  2 adders (D:2)
  A worm (D:2)
  A dart slug (D:2)
  4 ball pythons
  7 bats
  3 endoplasms
  2 giant cockroaches (D:2)
  4 goblins
  5 hobgoblins (D:2)
  7 jackals (D:1)
  5 quokkas
  5 kobolds
  3 rats (D:2)
49 creatures vanquished.

Notes
Turn   | Place    | Note
-------+----------+-------------------------------------------
     0 | D:1      | Descartes the Spriggan Wanderer began the quest for the
                  | Orb.
     0 | D:1      | Descartes set off with the following items: a +2 dagger, a
                  | curare-tipped dart, a +0 spear, a +0 short sword, a +0 robe
     0 | D:1      | Reached XP level 1. HP: 12/12 MP: 2/2
   119 | D:1      | Reached skill level 1 in Stealth
   143 | D:1      | Reached XP level 2. HP: 5/16 MP: 3/3
  1412 | D:2      | Reached skill level 1 in Armour
  1412 | D:2      | Reached XP level 3. HP: 18/20 MP: 4/4
  2867 | D:2      | Reached XP level 4. HP: 23/24 MP: 5/5
  2987 | D:2      | Learned a level 1 spell: Beastly Appendage
  3111 | D:2      | Found a burning altar of Makhleb.
  3384 | D:3      | Killed from afar by an orc priest

Illustrated notes

Levels and vault maps discovered:
D:1:      dpeg_arrival_connections, layout_loops_ring
D:2:      minmay_inner_zag, layout_loops_ring, basic_altar
D:3:      layout_loops_ring, mainiacjoe_overflow_divided_tiny

Skill      XL: |  1  2  3  4 |
---------------+-------------+-----
Stealth        | 1 2 3 |  3.3
Armour         | 1 |  1.0
Short Blades   | 3 |  3.2
Dodging        | 3 |  3.1
Evocations     | 2 |  2.0
Fighting       | |  3.2
Throwing       | |  1.0

Action                   |  1- 3 |  4- 6 || total
-------------------------+-------+-------++-------
Melee: Dagger            |   221 |    48 ||   269
 Stab: Sleeping          |     3 |     2 ||     5
Armor: Robe              |    15 |     2 ||    17
Dodge: Dodged            |   195 |    30 ||   225
Block: Other             |       |     5 ||     5
